 Dungeon Crawl Stone Soup version 0.29-a0-676-ga64570c9d2 (webtiles) character file.

Game seed: 1241212907329540848

162 wilfster70 the Magician (level 5, -2/31 HPs)
             Began as an Octopode Hedge Wizard on June 25, 2022.
             Slain by an orc
             ... wielding a +0 mace
              (7 damage)
             ... on level 4 of the Dungeon.
             The game lasted 00:15:09 (5218 turns).

wilfster70 the Magician (Octopode Hedge Wizard)     Turns: 5218, Time: 00:15:09

Health: -2/31      AC:  1    Str:  9    XL:     5   Next: 43%
Magic:  16/20      EV: 13    Int: 24    God:
Gold:   183        SH:  0    Dex: 12    Spells: 1/12 levels left

rFire   . . .      SeeInvis +   b - +0 hunting sling
rCold   . . .      Faith    .   (no shield)
rNeg    . . .      Spirit   .   n - +0 hat
rPois   .          Reflect  .   (no amulet)
rElec   .          Harm     .   (no ring)
rCorr   .          Rampage  .   k - +6 ring of intelligence
Will    .....                   l - ring "Utoer" {MP+9 SInv}
Stlth   +++.......              (no ring)
HPRegen 0.10/turn               (no ring)
MPRegen 0.17/turn               (no ring)
                                (no ring)
                                (no ring)

@: no status effects
A: almost no armour, amphibious, 8 rings, camouflage 1, gelatinous body 1,
(nimble swimmer 1), tentacles
a: no special abilities


You were on level 4 of the Dungeon.
You visited 1 branch of the dungeon, and saw 4 of its levels.

You collected 183 gold pieces.

Inventory:

Hand Weapons
 b - a +0 hunting sling (weapon)
Missiles
 t - 4 poisoned darts
Armour
 n - a +0 hat (worn)
Magical Staves
 a - a staff of air
Jewellery
 k - a +6 ring of intelligence (right tentacle)
 l - the ring "Utoer" (on tentacle) {MP+9 SInv}
   (You found it on level 2 of the Dungeon)

   [ring of magical power]

   MP:        It affects your magic capacity (+9).
   SInv:      It lets you see invisible.
Scrolls
 h - a scroll of enchant armour {unknown}
 p - a scroll of magic mapping {unknown}
 q - a scroll of summoning {unknown}
 r - a scroll of fear
 s - a scroll of teleportation
Potions
 c - a potion of magic
 d - 2 potions of brilliance
 e - 2 potions of curing
 f - 4 potions of lignification
 g - a potion of mutation {unknown}
 i - a potion of attraction {unknown}
 j - 2 potions of degeneration {unknown}
 m - a potion of resistance {unknown}
 o - a potion of heal wounds {unknown}


   Skills:
 - Level 2.0 Dodging
 - Level 2.6 Stealth
 + Level 4.2 Spellcasting
 - Level 2.0 Conjurations
 - Level 1.3 Summonings
 - Level 1.0 Translocations
 + Level 2.0 Air Magic
 + Level 2.4 Poison Magic


You had one spell level left.
You knew the following spells:

 Your Spells              Type           Power      Damage    Failure   Level
a - Magic Dart            Conj           60%        1d6       4%          1
b - Call Imp              Summ           11%        N/A       9%          2
c - Mephitic Cloud        Conj/Pois/Air  15%        N/A       12%         3
d - Ozocubu's Armour      Ice            5%         N/A       28%         3
g - Blink                 Tloc           18%        N/A       10%         2

Your spell library contained the following spells:

 Spells                   Type           Power      Damage    Failure   Level
 Slow                     Hex            20%        N/A       10%         1
 Conjure Flame            Conj/Fire      10%        6-21      19%         3
 Confusing Touch          Hex            5%         N/A       28%         3
 Vampiric Draining        Necr           5%         2d6       28%         3
 Metabolic Englaciation   Hex/Ice        2%         N/A       95%         5
 Simulacrum               Ice/Necr       2%         N/A       100%        6


Dungeon Overview and Level Annotations

Branches:
Dungeon (4/15)
 Temple: D:4-7

Altars:

Annotations:
D:4 exclusion: ogre


Innate Abilities, Weirdness & Mutations

You cannot wear most types of armour.
You are amphibious.
You can wear up to eight rings at the same time.
Your skin changes colour to match your surroundings (Stealth+).
Your rubbery body absorbs attacks. (AC +1, EV +1)
((You are camouflaged when in or above water. (Stealth+)))
You have tentacles for arms and can constrict up to eight enemies at once.


Message History

The orc hits your crimson imp but does no damage.
The orc barely misses your crimson imp.
The orc wizard hits your crimson imp with a +0 dagger.
Your crimson imp closely misses the orc.
Okay, then.
Unknown command.
The orc barely misses your crimson imp.
The orc wizard hits your crimson imp with a +0 dagger.
The orc barely misses your crimson imp.
Your crimson imp barely misses the orc.
You feel less confused.
The orc hits your crimson imp with a +0 short sword.
The orc wizard hits your crimson imp with a +0 dagger.
The orc hits your crimson imp with a +0 mace!
Your crimson imp dies!
Your crimson imp disappears in a puff of smoke!
Casting: Call Imp (safe; 9% risk of failure)
Confirm with . or Enter, or press ? or * to list all spells.
The spell is quite dangerous to miscast (12% risk of failure)!
Continue anyway?
Aiming: Mephitic Cloud (quite dangerous; 12% risk of failure)
Press: ? - help, Shift-Dir - straight line, f - orc, p - orc wizard
Aim: an orc, wielding a +0 short sword and wearing a +0 leather armour (chance to affect: 96%)
The ball explodes into a vile cloud!
The stinking cloud engulfs the orc but does no damage. x2
The stinking cloud engulfs the orc wizard but does no damage.
The orc wizard is lightly wounded.
The orc is engulfed in noxious fumes.
The orc appears confused.
The orc attacks as you move away! The orc hits you with a +0 mace.
The orc wizard attacks as you move away!
The orc wizard hits you with a +0 dagger.
The orc wizard is engulfed in noxious fumes.
The orc wizard appears confused.
The orc attacks as you move away! The orc closely misses you.
The orc hits the orc with a +0 short sword.
The orc hits itself with a +0 short sword.
The orc attacks as you move away! The orc completely misses you.
The orc closely misses the orc.
The orc hits you with a +0 mace.
* * * LOW HITPOINT WARNING * * *
The orc hits you with a +0 mace!
You die...

#.# #.# #################
#.# ..........).....#
#.####### ....#####)......#
#.......# ....# #.....o.#
#######.# ....# #.......#
#.# 5...#
##....).o######.#####.###
###+#
#.....o..@...>..........#
##.####.........#####.#.#
#.# #.#.#####.....#.#.# #.#
#.#.#...#...#.#.#.# #.#
#.#.#.#.#.......#.# #.#
#.#.#.#.#.###.###.# #.#
#.#...#.#.......#.# .
#...../.#.#####.#.#######.#
#o
#.......#.......#.........#


You could see an orc wizard (invisible, confused) and 2 orcs.

Vanquished Creatures
  An orc wizard (D:4)
  An adder (D:2)
  3 dart slugs
  5 orcs (D:4)
  3 ball pythons (D:1)
  2 bats (D:1)
  10 endoplasms
  5 giant cockroaches
  6 hobgoblins
  A jackal (D:2)
  3 quokkas (D:2)
  3 frilled lizards
  5 goblins
  6 kobolds (D:1)
  7 rats
61 creatures vanquished.

Vanquished Creatures (collateral kills)
  4 adders
  A worm (D:3)
  An orc (D:4)
  A hobgoblin (D:2)
  2 quokkas
  A ball python (D:2)
  A goblin (D:3)
  A kobold (D:2)
12 creatures vanquished.

Grand Total: 73 creatures vanquished

Notes
Turn   | Place    | Note
-------+----------+-------------------------------------------
     0 | D:1      | wilfster70 the Octopode Hedge Wizard began the quest for
                  | the Orb.
     0 | D:1      | Reached XP level 1. HP: 11/11 MP: 4/4
   219 | D:1      | Reached XP level 2. HP: 17/17 MP: 6/6
   754 | D:1      | Found a faded altar of an unknown god.
   869 | D:1      | Learned a level 2 spell: Call Imp
   885 | D:1      | Reached XP level 3. HP: 21/21 MP: 3/7
  1412 | D:2      | Learned a level 2 spell: Blink
  1637 | D:2      | Learned a level 3 spell: Mephitic Cloud
  1705 | D:2      | Identified the ring "Utoer" {MP+9 SInv}
  1809 | D:2      | Reached skill level 1 in Poison Magic
  1809 | D:2      | Reached XP level 4. HP: 13/27 MP: 9/9
  2169 | D:2      | Identified the +2 pair of gloves of Classification {Str+5}
  2283 | D:2      | Reached skill level 1 in Air Magic
  3400 | D:3      | Reached skill level 4 in Spellcasting
  3602 | D:3      | Learned a level 3 spell: Ozocubu's Armour
  4096 | D:3      | Reached XP level 5. HP: 31/31 MP: 11/11
  4557 | D:4      | Noticed an ogre
  4939 | D:4      | HP: 1/31 [orc wizard/+0 dagger (3)]
  5218 | D:4      | Slain by an orc

Illustrated notes

Levels and vault maps discovered:
D:1:      beargit_arrival_greenhouse, layout_basic,
          hellmonk_ecumenical_altar_blasted
D:2:      wad_river_or_something, layout_basic, kennysheep_generic_room_2
D:3:      layout_loops_corners, dk_vineyard_2, grunt_ministairs_8
D:4:      layout_basic, tso_altar, roderic_lattice_a

Skill      XL: |  1  2  3  4  5 |
---------------+----------------+-----
Conjurations   | 2 |  2.0
Poison Magic   | 1 2 |  2.4
Air Magic      | 1 2 |  2.0
Spellcasting   | 4 |  4.2
Dodging        | |  2.0
Stealth        | |  2.6
Summonings     | |  1.3
Translocations | |  1.0

Action                   |  1- 3 |  4- 6 || total
-------------------------+-------+-------++-------
Melee: Dagger            |     1 |       ||     1
       Tentacles         |     1 |       ||     1
 Fire: Hunting sling     |    65 |    78 ||   143
 Cast: Magic Dart        |    32 |    24 ||    56
       Call Imp          |     3 |    18 ||    21
       Blink             |     1 |     1 ||     2
       Mephitic Cloud    |       |     2 ||     2
  Use: Scroll            |       |     5 ||     5
       Potion            |       |     1 ||     1
Armor: Skin              |     5 |     5 ||    10
Dodge: Dodged            |    43 |    60 ||   103

Table legend: (Time is in decaauts)
 A = Elapsed time spent in this place.
 B = Non-inter-level travel time spent in this place.
 C = Inter-level travel time spent in this place.
 D = Time resting spent in this place.
 E = Time spent auto-exploring this place.
 F = Levels seen in this place.
 G = Mean time per level.
                   A        B        C        D        E       F      G
               +--------+--------+--------+--------+--------+-----+--------+
         Total |   5277 |   5160 |    117 |   1809 |   1972 |   4 | 1319.2 |
       Dungeon |   5277 |   5160 |    117 |   1809 |   1972 |   4 | 1319.2 |
               +--------+--------+--------+--------+--------+-----+--------+

Top non-repeatable levels by time:
     D:2: 1873 daAuts
     D:1: 1403 daAuts
     D:3: 1241 daAuts
     D:4: 759 daAuts
